 Dungeon Crawl Stone Soup version 0.26.1-11-gd32895ea62 (webtiles) character file.

Game seed: 12981527155134155137

3975 nothank2 the Slicer (level 10, -21/77 HPs)
             Began as a Demonspawn Gladiator on June 16, 2021.
             Was a Believer of Makhleb.
             Killed from afar by an efreet (42 damage)
             ... with a bolt of fire
             ... on level 2 of the Abyss.
             The game lasted 00:18:52 (6471 turns).

nothank2 the Slicer (Demonspawn Gladiator)          Turns: 6471, Time: 00:18:52

Health: -21/77     AC: 16    Str: 18    XL:     10   Next: 2%
Magic:  10/10      EV: 26    Int:  9    God:    Makhleb [**....]
Gold:   312        SH:  0    Dex: 15    Spells: 9/9 levels left

rFire    . . .     SeeInvis .   s - +1 rapier (flame)
rCold    + . .     Faith    .   (no shield)
rNeg     . . .     Spirit   .   F - +0 scale mail
rPois    .         Reflect  .   c - +0 helmet
rElec    .         Harm     .   (no cloak)
rCorr    .         Rampage  .   N - +2 pair of gloves
Will     .....                  (no boots)
Stlth    ..........             O - amulet of the acrobat
HPRegen  0.22/turn              o - +4 ring of protection
MPRegen  0.12/turn              J - +4 ring of slaying

@: acrobat
A: hooves 1, cold resistance 1, powered by death 3, freezing cloud immunity
a: Renounce Religion, Minor Destruction


You were on level 2 of the Abyss.
You worshipped Makhleb.
Makhleb was pleased with you.
You visited 1 branch of the dungeon, and saw 7 of its levels.
You visited the Abyss 1 time.
You also visited: Sewer.

You collected 394 gold pieces.
You spent 82 gold pieces at shops.

Inventory:

Hand Weapons
 b - the cursed +0 hand axe of Boptafis {vorpal, Dex+4, unknown}
   (You found it on level 2 of the Abyss)

   It inflicts extra damage upon your enemies.
   It affects your dexterity (+4).
   It has a curse placed upon it.
 r - a cursed +0 whip
 s - a +1 rapier of flaming (weapon)
 G - a +1 whip of freezing
Missiles
 d - 3 throwing nets (quivered)
 i - 14 boomerangs
Armour
 c - a +0 helmet (worn)
 B - a +0 pair of gloves
 F - a +0 scale mail (worn)
 N - a +2 pair of gloves (worn)
Jewellery
 f - an uncursed amulet of faith
 o - a +4 ring of protection (left hand)
 y - an uncursed amulet of guardian spirit
 D - an uncursed amulet of magic regeneration
 J - a +4 ring of slaying (right hand)
 O - an amulet of the acrobat (around neck)
Wands
 E - a wand of polymorph (14)
 I - a wand of digging (5)
 K - a wand of paralysis (13)
 L - a wand of iceblast (25)
Scrolls
 g - 7 scrolls of remove curse
 k - 2 scrolls of amnesia
 n - 2 scrolls of magic mapping
 t - 3 scrolls of teleportation
 u - 2 scrolls of fog {unknown}
 v - a scroll of blinking {unknown}
 A - 3 scrolls of enchant armour
 H - 4 scrolls of identify
Potions
 a - a potion of attraction {unknown}
 e - 4 potions of curing
 h - 2 potions of flight {unknown}
 l - 4 potions of ambrosia
 m - 4 potions of might
 p - a potion of lignification
 q - 3 potions of heal wounds
 w - a potion of mutation
 x - 2 potions of degeneration
 z - a potion of haste
 C - a potion of magic
 M - 2 potions of resistance {unknown}


   Skills:
 + Level 6.7 Fighting
 + Level 10.1 Short Blades
 - Level 1.7 Throwing
 + Level 6.6 Armour
 - Level 2.8 Dodging


You had 9 spell levels left.
You didn't know any spells.
Your spell library contained the following spells:

 Spells                   Type           Power        Failure   Level
 Corona                   Hex            0%           75%         1
 Ensorcelled Hibernation  Hex/Ice        0%           86%         2
 Confusing Touch          Hex            0%           98%         3
 Dazzling Flash           Conj/Hex       0%           98%         3
 Tukima's Dance           Hex            0%           98%         3


Dungeon Overview and Level Annotations

Branches:
Dungeon (7/15)             Temple (0/1) D:7           Sewer (visited)

Altars:
Ashenzari
Elyvilon
Fedhas
Makhleb
Okawaru
Sif Muna
Vehumet

Shops:
D:4 ?   D:5 *((**:

Annotations:
D:7 Maggie


Innate Abilities, Weirdness & Mutations

You have large cloven feet.
Your flesh is cold resistant. (rC+)
You regenerate a lot of health from kills.
You are immune to freezing clouds.


Message History

The starcursed mass shudders and is absorbed by its neighbour.
A chorus of shrieks assaults your mind.
* * * LOW HITPOINT WARNING * * *
You hit the starcursed mass. You burn the starcursed mass.
The starcursed mass is almost destroyed.
The starcursed mass shudders and is absorbed by its neighbour.
The starcursed mass engulfs you but does no damage.
You hit the starcursed mass. You burn the starcursed mass.
The starcursed mass is severely damaged.
The starcursed mass shudders and is absorbed by its neighbour.
You are suddenly pulled into a different region of the Abyss!
You start resting.
An efreet assembles itself!
It is wielding a +4 scimitar of flaming.
Found an iridescent hand axe.
Found a corrupted altar of Lugonu.
You see here an iridescent hand axe.
b - an iridescent hand axe The efreet gestures at you.
The bolt of fire hits you!!!
Ouch! That really hurt!
You die...

..#..#
.#.#.#..#
##....##..#.##
#..
#.#.#_.#..###
.#
###...##°###
......#...#
#...○#..#
###☼#..##
#.#R.#.#
#.#.@#.##
#....#..#
#.#.#........
.....#........
....#
.#.#.##..#
.#.# . ##.#
..# #. ## .# #
#


You could see an efreet.

Vanquished Creatures
  Pikel (D:4)
  A silent spectre (Abyss:2)
  A hornet (D:7)
  A water moccasin (D:7)
  Purgy (Sewer)
  3 black bears
  2 sky beasts
  2 ice beasts
  2 ogres
  4 phantoms
  A necrophage (D:6)
  A small abomination (Abyss:2)
  2 bullfrogs
  2 scorpions
  5 wights (D:6)
  A howler monkey (D:6)
  2 centaur zombies (D:6)
  A crimson imp (D:6)
  A starcursed mass (Abyss:2)
  8 hounds
  A jelly (D:6)
  2 orc priests
  4 orc wizards
  A centaur skeleton (D:3)
  An iron imp (Abyss:2)
  An iguana (D:7)
  6 worker ants
  2 worker ant zombies
  Robin (D:4)
  4 gnolls (D:6)
  11 adders
  A shadow imp (D:6)
  An ufetubus (D:7)
  2 adder skeletons (D:3)
  2 adder zombies (D:3)
  6 worms
  3 dart slugs
  9 orcs
  2 ball pythons
  3 giant cockroaches
  14 goblins
  4 hobgoblins
  11 jackals
  3 quokkas
  A ball python skeleton (D:6)
  4 bats (D:3)
  10 frilled lizards
  7 kobolds
  A leopard gecko skeleton (D:3)
  A quokka skeleton (D:3)
  A quokka zombie (D:6)
  7 rats
169 creatures vanquished.

Notes
Turn   | Place    | Note
-------+----------+-------------------------------------------
     0 | D:1      | nothank2 the Demonspawn Gladiator began the quest for the
                  | Orb.
     0 | D:1      | Reached XP level 1. HP: 16/16 MP: 1/1
   546 | D:1      | Reached skill level 3 in Short Blades
   546 | D:1      | Gained mutation: You have large cloven feet. [demonic
                  | ancestry]
   546 | D:1      | Reached XP level 2. HP: 22/22 MP: 2/2
   799 | D:2      | Reached XP level 3. HP: 23/27 MP: 3/3
   943 | D:2      | Reached skill level 1 in Armour
  1392 | D:2      | Reached XP level 4. HP: 34/34 MP: 4/4
  1457 | D:3      | Noticed a black bear
  1466 | D:3      | Killed a black bear
  1467 | D:3      | Reached skill level 4 in Short Blades
  1467 | D:3      | Reached XP level 5. HP: 20/40 MP: 5/5
  1637 | D:3      | Found a glowing drain.
  1658 | Sewer    | Entered a sewer
  1742 | Sewer    | Noticed Purgy
  1748 | Sewer    | Killed Purgy
  1749 | Sewer    | Gained mutation: You regenerate a little health from kills.
                  | [demonic ancestry]
  1749 | Sewer    | Reached XP level 6. HP: 34/47 MP: 6/6
  1935 | D:3      | Reached skill level 5 in Short Blades
  2676 | D:4      | Found Aruk Yxuts's Magic Scroll Emporium.
  2693 | D:4      | Bought a scroll of enchant armour for 82 gold pieces
  2838 | D:4      | Noticed Robin
  2865 | D:4      | Killed Robin
  2977 | D:4      | Gained mutation: You regenerate health from kills. [demonic
                  | ancestry]
  2977 | D:4      | Reached XP level 7. HP: 49/52 MP: 7/7
  2984 | D:4      | Reached skill level 6 in Short Blades
  3089 | D:4      | Noticed Pikel
  3125 | D:4      | Killed Pikel
  3126 | D:4      | Reached skill level 7 in Short Blades
  3126 | D:4      | Gained mutation: Your flesh is cold resistant. (rC+)
                  | [demonic ancestry]
  3126 | D:4      | Reached XP level 8. HP: 52/61 MP: 8/8
  3644 | D:5      | Entered Level 5 of the Dungeon
  3676 | D:5      | Found Mote's Lightly-Used Armoury.
  3717 | D:5      | Found Xynask's Book Emporium.
  3734 | D:5      | Reached skill level 5 in Fighting
  3734 | D:5      | Reached skill level 8 in Short Blades
  3833 | D:5      | Found Nouxkaf's Assorted Antiques.
  3857 | D:5      | Found Etow Emo's Antique Weapon Boutique.
  3865 | D:5      | Found Alionin's Antique Weapon Emporium.
  4019 | D:5      | Found Caimadiu's General Store.
  4191 | D:5      | Found a faded altar of an unknown god.
  4191 | D:5      | Found an iron altar of Okawaru.
  4199 | D:5      | Found a blossoming altar of Fedhas.
  4205 | D:5      | Found a shimmering blue altar of Sif Muna.
  4207 | D:5      | Found a broken altar of Ashenzari.
  4408 | D:6      | Found a radiant altar of Vehumet.
  4409 | D:6      | Found a burning altar of Makhleb.
  4428 | D:6      | Became a worshipper of Makhleb the Destroyer
  4475 | D:6      | Gained mutation: You are immune to freezing clouds.
                  | [demonic ancestry]
  4475 | D:6      | Reached XP level 9. HP: 44/68 MP: 4/9
  4496 | D:6      | Reached skill level 5 in Armour
  4523 | D:6      | Reached skill level 9 in Short Blades
  4584 | D:6      | Reached * piety under Makhleb
  5087 | D:6      | Found a white marble altar of Elyvilon.
  5473 | D:7      | Found a staircase to the Ecumenical Temple.
  6244 | D:7      | Reached skill level 10 in Short Blades
  6250 | D:7      | Noticed Maggie
  6264 | D:7      | Cast into level 2 of the Abyss (Maggie)
  6289 | Abyss:2  | Noticed a silent spectre
  6323 | Abyss:2  | Noticed a starcursed mass
  6372 | Abyss:2  | Killed a silent spectre
  6373 | Abyss:2  | Gained mutation: You regenerate a lot of health from kills.
                  | [demonic ancestry]
  6373 | Abyss:2  | Reached XP level 10. HP: 43/77 MP: 10/10
  6380 | Abyss:2  | Reached ** piety under Makhleb
  6462 | Abyss:2  | Found a corrupted altar of Lugonu.
  6465 | Abyss:2  | Got an iridescent hand axe
  6471 | Abyss:2  | Killed from afar by an efreet

Illustrated notes

Levels and vault maps discovered:
D:1:      minmay_arrival_four_circles, layout_rooms
D:2:      layout_rooms
D:3:      layout_loops_ring, serial_undead, serial_undead_c, serial_undead_d,
          serial_undead_b, serial_undead_d, cheibrodos_sewer_entry_sluice
D:4:      layout_basic, serial_shops, shop, uniq_robin, uniq_pikel
D:5:      layout_rooms, chequers_temple_overflow_minitemple, serial_shops,
          shop_statue, shop, nicolae_shop_trees, kennysheep_mini_moat,
          nicolae_shop_trees, minmay_shop_damaged
D:6:      layout_basic, grunt_temple_overflow_lords_of_destruction,
          elyvilon_altar_5
D:7:      layout_loops_corners, nicolae_ru_path_of_blood,
          minmay_temple_entry_mini_moons, uniq_maggie
Abyss:2:  base: D:3, hangedman_shadowy_showcase, hangedman_shadowy_showcase

Skill      XL: |  1  2  3  4  5  6  7  8  9 |
---------------+----------------------------+-----
Short Blades   | 3 4 5 7 8 10 | 10.1
Armour         | 1 2 3 4 6 |  6.6
Fighting       | 3 4 5 6 |  6.7
Throwing       | |  1.7
Dodging        | |  2.8

Action                   |  1- 3 |  4- 6 |  7- 9 | 10-12 || total
-------------------------+-------+-------+-------+-------++-------
Melee: Rapier            |   103 |   131 |   334 |    36 ||   604
       Kick              |    21 |    30 |    92 |     7 ||   150
  Use: Scroll            |       |    10 |       |     4 ||    14
       Potion            |       |       |     2 |     1 ||     3
Armor: Leather armour    |    36 |    37 |       |       ||    73
       Scale mail        |       |    17 |   122 |     3 ||   142
       Skin              |       |       |     5 |     1 ||     6
Dodge: Dodged            |    66 |    62 |   126 |     7 ||   261
